cohdb
Replays
Latest Replays
All Replays
Popular Replays
Top Player Replays
Match Explorer
How It Works
Community
CoH3 Stats
Reddit
Sign in to upload your games and track your stats! →
Sign in with Steam
Match 42431838
Unlisted
Match 42431838
Overview
Messages
Build Orders
End
Royal Engineer Section
Construct Section Command Post
Selects Canadian Shock Battlegroup
Infantry Section
Infantry Section
Vickers Machine Gun Team
Selects Attacking Spirit
Selects Canadian Shock Section
Construct Platoon Command Post
Canadian Shock Section
Selects Incendiary Munitions
Construct Field Infirmary
qZeto
BIOHAZARD
Gorgolo
【PZV】幸运的雪风酱Ciallo~(∠・ω< )⌒★
tre-_-cool
Fugue_Heaven
0
0
Comments
sign in to comment!
No comments posted yet!